[ AOE2 MATCH · #473506650 ]
UnrankedBohemians vs Portuguese
[ REPLAY ANALYSIS · EXTRACTED FROM THE RECORDED GAME ]
Feudal
—
Castle
—
Imperial
—
| APM avg | 18.7 |
| APM peak | 34 |
| eAPM avg | 5.0 |
| Villagers / military | 0 / 0 |
Focus
⚔️ 25.0% · 🌾 75.0%
Feudal
—
Castle
—
Imperial
—
| APM avg | 38.7 |
| APM peak | 42 |
| eAPM avg | 6.7 |
| Villagers / military | 3 / 0 |
Focus
⚔️ 33.3% · 🌾 66.7%
Feudal
—
Castle
—
Imperial
—
| APM avg | 10.7 |
| APM peak | 27 |
| eAPM avg | 3.0 |
| Villagers / military | 0 / 0 |
Focus
⚔️ 50.0% · 🌾 50.0%
Feudal
—
Castle
—
Imperial
—
| APM avg | 32.4 |
| APM peak | 55 |
| eAPM avg | 5.7 |
| Villagers / military | 4 / 0 |
Focus
⚔️ 12.5% · 🌾 87.5%
Feudal
—
Castle
—
Imperial
—
| APM avg | 9.7 |
| APM peak | 28 |
| eAPM avg | 3.0 |
| Villagers / military | 0 / 0 |
Focus
⚔️ 33.3% · 🌾 66.7%
Feudal
—
Castle
—
Imperial
—
| APM avg | 22.4 |
| APM peak | 36 |
| eAPM avg | 7.7 |
| Villagers / military | 2 / 0 |
Focus
⚔️ 37.5% · 🌾 62.5%
Feudal
—
Castle
—
Imperial
—
| APM avg | 23.0 |
| APM peak | 37 |
| eAPM avg | 4.3 |
| Villagers / military | 0 / 0 |
Focus
⚔️ 14.3% · 🌾 85.7%
Feudal
—
Castle
—
Imperial
—
| APM avg | 11.4 |
| APM peak | 32 |
| eAPM avg | 2.7 |
| Villagers / military | 0 / 0 |
Focus
⚔️ 0.0% · 🌾 100.0%
Match map
Initial resources + every placement click. Lines = walls · curves = elevation contours. ◆ gold · ⬟ stone · ● berries · ✦ relic · ◌ wall gap
Your base
Fs.Diablo's base
eloysuarez93's base
bipeng2008's base
[BÜN] Mr. Grüezi's base
Yisaac's base
apNEA's base
HKPDSUCKS's base
Smoothed initial terrain · ◌ = detected wall gap · hover for details
Inputs per minute
— Calais - - Fs.Diablo
Build order — Calais
3 actions detected in the replay
| 0:30 | Build | Town Center |
| 0:38 | Build | Dock |
| 0:40 | Build | House |
Build order — Fs.Diablo
7 actions detected in the replay
| 0:13 | Build | Town Center |
| 0:23 | Build | Dock |
| 0:27 | Build | Palisade Wall |
| 0:27 | Build | Palisade Wall |
| 2:36 | Create | Villager (Male) |
| 2:36 | Create | Villager (Male) |
| 2:36 | Create | Villager (Male) |
Build order — eloysuarez93
2 actions detected in the replay
| 0:18 | Build | Town Center |
| 0:29 | Build | Dock |
Build order — bipeng2008
7 actions detected in the replay
| 0:10 | Build | Town Center |
| 0:47 | Build | Dock |
| 0:52 | Build | House |
| 2:36 | Create | Villager (Male) |
| 2:36 | Create | Villager (Male) |
| 2:37 | Create | Villager (Male) |
| 2:37 | Create | Villager (Male) |
Build order — [BÜN] Mr. Grüezi
3 actions detected in the replay
| 0:25 | Build | Town Center |
| 0:46 | Build | Dock |
| 0:53 | Build | House |
Build order — Yisaac
4 actions detected in the replay
| 0:16 | Build | Town Center |
| 0:38 | Build | Dock |
| 2:53 | Create | Villager (Male) |
| 2:54 | Create | Villager (Male) |
Build order — apNEA
3 actions detected in the replay
| 0:29 | Build | Town Center |
| 1:04 | Build | Dock |
| 1:44 | Build | House |
Build order — HKPDSUCKS
1 actions detected in the replay
| 2:26 | Build | Town Center |
Match timeline
| 0:23 | Fs.Diablo · first_building Dock |
| 0:27 | Fs.Diablo · wall_segment Palisade Wall x1 |
| 0:27 | Fs.Diablo · wall_segment Palisade Wall x1 |
| 0:29 | eloysuarez93 · first_building Dock |
| 0:38 | Calais · first_building Dock |
| 0:38 | Yisaac · first_building Dock |
| 0:46 | [BÜN] Mr. Grüezi · first_building Dock |
| 0:47 | bipeng2008 · first_building Dock |
| 1:04 | apNEA · first_building Dock |
| 2:06 | eloysuarez93 · resign |
[ AI ANALYSIS · 1 CREDIT ]
What really happened in this match?
Wolo.gg analyzes every decision: build order, eco, micro, common mistakes by bracket. Personalized analysis on WhatsApp or Discord in 30 seconds.
Civ guide
Bohemians
Perfil
Jugador #2285294